 Dungeon Crawl Stone Soup version 0.27.1-16-g815e20cd7a (console) character file.

Game seed: 15524822287767513547

24 toffzen the Sneak (level 2, -7/26 HPs)
             Began as a Minotaur Brigand on Nov 24, 2021.
             Mangled by a gnoll (14 damage)
             ... on level 2 of the Dungeon.
             The game lasted 00:02:17 (1537 turns).

toffzen the Sneak (Minotaur Brigand)                Turns: 1537, Time: 00:02:18

Health: -7/26      AC:  7    Str: 15    XL:     2   Next: 79%
Magic:  1/1        EV: 11    Int:  8    God:
Gold:   29         SH:  0    Dex: 11    Spells: 1/1 levels left

rFire    + . .     SeeInvis .   a - +2 dagger
rCold    + . .     Faith    .   (no shield)
rNeg     . . .     Spirit   .   h - +0 ring mail
rPois    +         Reflect  .   (helmet restricted)
rElec    +         Harm     .   c - +0 cloak
rCorr    +         Rampage  .   j - +0 pair of gloves
Will     .....                  (no boots)
Stlth    +.........             (no amulet)
HPRegen  0.08/turn              (no ring)
MPRegen  0.07/turn              (no ring)

@: brilliant, lethally poisoned (-7 -> -13), resistant
A: horns 2, retaliatory headbutt
a: no special abilities


You were on level 2 of the Dungeon.
You visited 1 branch of the dungeon, and saw 2 of its levels.

You collected 29 gold pieces.

Inventory:

Hand Weapons
 a - a +2 dagger (weapon)
Missiles
 d - 7 poisoned darts (quivered)
 e - 2 curare-tipped darts
 i - 25 stones
 l - 2 atropa-tipped darts
Armour
 b - a +0 robe
 c - a +0 cloak (worn)
 h - a +0 ring mail (worn)
 j - a +0 pair of gloves (worn)
Scrolls
 m - a scroll of enchant weapon {unknown}
Potions
 k - a potion of curing {unknown}


   Skills:
 + Level 3.1 Fighting
 - Level 2.1 Short Blades
 - Level 2.0 Throwing
 + Level 1.5 Armour
 + Level 2.0 Dodging
 - Level 3.2 Stealth


You had one spell level left.
You didn't know any spells.
Your spell library contained the following spells:

 Spells                   Type           Power      Damage    Failure   Level
 Corona                   Hex            0%         N/A       63%         1
 Magic Dart               Conj           0%         1d3       63%         1
 Call Imp                 Summ           0%         N/A       77%         2
 Ensorcelled Hibernation  Hex/Ice        0%         N/A       77%         2
 Slow                     Hex            0%         N/A       77%         2
 Confusing Touch          Hex            0%         N/A       94%         3
 Mephitic Cloud           Conj/Pois/Air  0%         N/A       94%         3
 Tukima's Dance           Hex            0%         N/A       94%         3
 Vampiric Draining        Necr           0%         2d6       94%         3


Dungeon Overview and Level Annotations

Branches:
Dungeon (2/15)

Altars:
Xom


Innate Abilities, Weirdness & Mutations

You have a pair of horns on your head.
You reflexively headbutt those who attack you in melee.


Message History

There is a stone staircase leading up here.
You hit the bat. You headbutt the bat.
The bat is heavily wounded.
The bat hits you but does no damage.
Found 2 atropa-tipped darts.
The bat closely misses you. You furiously retaliate!
You headbutt the bat!
You kill the bat!
Your Dodging skill increases to level 2!
No target in view!
No target in view!
Found a scroll labelled NYUSME CANISCHI.
l - 2 atropa-tipped darts
There are no items here.
m - a scroll labelled NYUSME CANISCHI The gnoll shouts! x2; You hear a bark! x2
A jackal comes into view.
The gnoll hits you from afar with a +2 halberd of flaming.
The gnoll burns you.
The gnoll shouts!
The gnoll barely misses you.
Throw: 8 darts (poison)
Press: ? - help, Q - select action, (/) - cycle Shift-Dir - straight line, f - scorpion
Aim: a scorpion (57% to hit)
You throw a poisoned dart. The poisoned dart hits the scorpion.
The scorpion is poisoned.
The scorpion stings you.
You are poisoned.
The scorpion poisons you! The gnoll barely misses you.
You feel very sick.
You feel sick.
It was a potion of resistance.
You feel protected.
You feel sick. The scorpion stings you. The scorpion misses you.
It was a potion of brilliance.
You feel clever all of a sudden.
* * * LOW HITPOINT WARNING * * *
You feel sick.
The gnoll hits you from afar with a +2 halberd of flaming!
Ouch! That really hurt!
You die...

#.......#
#.###.?..
...####.g.## #.
#.......#
#.#####.#
#.#.hh..# #
###.#.##g####.#
♣...♣..s.g....#
♣...@#...####
♣♣.♣.^...#.#
♣♣........#
♣.♣..####.#
♣......##.##.##
♣♣............#
♣...##.#.######
♣..♣†.<..#.# ♣♣
♣######.#


You could see a scorpion (poisoned), 2 gnolls and 2 jackals.

Vanquished Creatures
  An endoplasm (D:1)
  2 goblins (D:1)
  3 hobgoblins (D:1)
  2 ball pythons (D:1)
  5 bats
  6 frilled lizards (D:1)
  2 kobolds (D:1)
  4 rats (D:1)
25 creatures vanquished.

Notes
Turn   | Place    | Note
-------+----------+-------------------------------------------
     0 | D:1      | toffzen the Minotaur Brigand began the quest for the Orb.
     0 | D:1      | Reached XP level 1. HP: 18/18 MP: 0/0
   235 | D:1      | Reached skill level 1 in Armour
   235 | D:1      | Reached XP level 2. HP: 23/25 MP: 1/1
  1213 | D:2      | Found a shimmering altar of Xom.
  1214 | D:2      | Noticed a scorpion
  1537 | D:2      | Mangled by a gnoll

Illustrated notes

Levels and vault maps discovered:
D:1:      erik_arrival_blinker_ship, layout_basic,
          hangedman_abyss_or_decor_lesser_grid, grunt_decor_clamped,
          corexii_item_surrounded_by_moat
D:2:      layout_basic, chequers_ecumenical_altar_grove, basic_altar,
          uniq_sigmund

Skill      XL: |  1  2 |
---------------+-------+-----
Armour         | 1 |  1.5
Fighting       | 3 |  3.1
Dodging        | 2 |  2.0
Short Blades   | |  2.1
Throwing       | |  2.0
Stealth        | |  3.2

Action                   || total
-------------------------++-------
Melee: Dagger            ||    57
       Headbutt          ||     6
Throw: Dart              ||     1
  Use: Potion            ||     2
 Stab: Sleeping          ||     1
Armor: Robe              ||    13
       Ring mail         ||     9
Dodge: Dodged            ||    35
